 Dungeon Crawl Stone Soup version 0.26.1-2-gb8aa6d0cf2 (webtiles) character file.

Game seed: 16023488850782853775

29496 Groucho the Unseen (level 13, -24/55 HPs)
             Began as a Spriggan Enchanter on Mar 10, 2021.
             Was an Elder of Kikubaaqudgha.
             Hit by a large rock thrown by a cyclops (40 damage)
             ... on level 2 of the Orcish Mines.
             The game lasted 01:26:22 (39280 turns).

Groucho the Unseen (Spriggan Enchanter)            Turns: 39280, Time: 01:26:23

Health: -24/55     AC:  4    Str: 16    XL:     13   Next: 15%
Magic:  29/29      EV: 29    Int: 20    God:    Kikubaaqudgha [****..]
Gold:   1092       SH:  5    Dex: 17    Spells: 16/35 levels left

rFire    . . .     SeeInvis +   s - +6 dagger (venom)
rCold    . . .     Faith    .   (shield restricted)
rNeg     + . .     Spirit   .   b - +0 robe
rPois    .         Reflect  +   (helmet restricted)
rElec    .         Harm     .   k - +1 cloak
rCorr    .         Rampage  .   (gloves unavailable)
Will     ++...                  (boots unavailable)
Stlth    ++++++++..             L - amulet of the Open Hand {Reflect Str+4 Int+3 SH+5 Stlth+}
HPRegen  0.18/turn              r - ring of flight
MPRegen  0.21/turn              F - ring of Qallirok {rN+ Str+4}

@: very quick
A: very small, unfitting armour, see invisible, speed 3
a: Renounce Religion, Evoke Flight, Receive Corpses


You were on level 2 of the Orcish Mines.
You worshipped Kikubaaqudgha.
Kikubaaqudgha was greatly pleased with you.
You visited 4 branches of the dungeon, and saw 17 of its levels.
You also visited: Ossuary.

You collected 1200 gold pieces.
You spent 108 gold pieces at shops.

Inventory:

Hand Weapons
 s - a +6 dagger of venom (weapon)
 x - a +2 rapier of electrocution
 y - a +2 rapier of flaming
 E - a +1 dagger of speed
Missiles
 d - 115 poisoned darts
 l - 9 atropa-tipped darts (quivered)
 m - 11 boomerangs
Armour
 b - a +0 robe (worn)
 j - a +0 buckler
 k - a +1 cloak (worn)
Jewellery
 r - a ring of flight (left hand)
 F - the ring of Qallirok (right hand) {rN+ Str+4}
   (You found it on level 6 of the Dungeon)

   [ring of positive energy]

   It affects your strength (+4).
   It protects you from negative energy.
 H - an uncursed ring of poison resistance
 L - the amulet of the Open Hand (around neck) {Reflect Str+4 Int+3 SH+5 Stlth+}
   (You found it on level 7 of the Dungeon)

   [amulet of reflection]

   It shields you and reflects attacks.
   It affects your strength (+4).
   It affects your intelligence (+3).
   It affects your SH (+5).
   It makes you more stealthy.
 M - an uncursed ring of resist corrosion
 U - a +6 ring of intelligence
Wands
 p - a wand of paralysis (7)
 q - a wand of flame (39)
 G - a wand of disintegration (11)
 O - a wand of digging (2)
 Q - a wand of random effects (21)
 X - a wand of polymorph (9)
Scrolls
 a - a scroll of brand weapon {unknown}
 c - 2 scrolls of magic mapping
 e - 2 scrolls of identify
 h - 3 scrolls of random uselessness
 w - 6 scrolls of remove curse
 A - 4 scrolls of teleportation
 I - a scroll of summoning {unknown}
 K - a scroll of vulnerability {unknown}
 N - a scroll of fear {unknown}
 P - a scroll of immolation {unknown}
 R - 3 scrolls of amnesia {unknown}
 W - a scroll of enchant weapon
Potions
 f - a potion of brilliance
 g - 3 potions of degeneration
 i - 3 potions of might
 n - a potion of magic {unknown}
 o - a potion of invisibility {unknown}
 t - 2 potions of berserk rage {unknown}
 u - 2 potions of haste
 v - a potion of lignification
 z - 2 potions of curing {unknown}
 C - 2 potions of attraction {unknown}
 D - a potion of cancellation {unknown}
 S - a potion of heal wounds {unknown}
 V - 2 potions of ambrosia {unknown}
 Y - a potion of mutation {unknown}


   Skills:
 - Level 10.4 Short Blades
 + Level 13.6 Dodging
 + Level 16.8 Stealth
 + Level 11.7 Spellcasting
 + Level 12.5 Hexes
 + Level 1.3 Necromancy


You had 16 spell levels left.
You knew the following spells:

 Your Spells              Type           Power        Failure   Level
a - Corona                Hex            64%          1%          1
b - Ensorcelled Hibernat  Hex/Ice        72%          1%          2
c - Confusing Touch       Hex            58%          1%          3
d - Tukima's Dance        Hex            58%          1%          3
e - Dazzling Flash        Conj/Hex       72%          1%          3
f - Mephitic Cloud        Conj/Pois/Air  11%          17%         3
g - Dispel Undead         Necr           17%          32%         4

Your spell library contained the following spells:

 Spells                   Type           Power        Failure   Level
 Pain                     Necr           68%          3%          1
 Sublimation of Blood     Necr           8%           4%          2
 Sting                    Tmut/Pois      44%          6%          1
 Corpse Rot               Necr/Air       N/A          7%          2
 Poisonous Vapours        Pois/Air       22%          9%          2
 Vampiric Draining        Necr           8%           10%         3
 Ignite Poison            Fire/Tmut/Pois 11%          17%         3
 Animate Dead             Necr           8%           32%         4
 Olgreb's Toxic Radiance  Pois           11%          50%         4
 Excruciating Wounds      Necr           8%           67%         5
 Death Channel            Necr           8%           99%         6
 Simulacrum               Ice/Necr       7%           100%        6


Dungeon Overview and Level Annotations

Branches:
Dungeon (13/15)            Temple (1/1) D:4            Lair (1/6) D:10
    Orc (2/2) D:11            Elf (0/3) Orc:2       Ossuary (visited)
 Vaults: D:13-14

Altars:
Ashenzari
Cheibriados
Dithmenos
Elyvilon
Fedhas
Gozag
Hepliaklqana
Kikubaaqudgha
Makhleb
Nemelex Xobeh
Okawaru
Qazlal
Ru
Sif Muna
Trog
Uskayaw
Vehumet
Wu Jian
Xom
Yredelemnul
Zin
The Shining One

Shops:
D:4 (   D:5 *   D:6 =*!(=   Orc:1 *(   Orc:2 [*[[

Portals:
Trove: D:11 (give 9 potions of haste)

Annotations:
D:9 Joseph, Pikel
D:10 1 transporter
Lair:1 Gastronok


Innate Abilities, Weirdness & Mutations

You are very small and have problems with some larger weapons.
You are too small for most types of armour.
You have supernaturally acute eyesight. (SInv)
You cover ground extremely quickly.


Message History

You resist with almost no effort. The ogre hits you with a +0 giant club!
The ogre mage points at itself and mumbles some strange words.
The ogre mage flickers and vanishes for a moment.
The ettin completely misses you. The ettin misses you.
An ogre comes into view. It is wielding a +0 giant spiked club.
The two-headed ogre completely misses you. x2
The orc wizard completely misses you. The ogre mage completely misses you.
The orc wizard gestures at you while chanting.
The magic dart hits you.
The ogre mage hits you from afar with a cursed +0 halberd!
* * * LOW HITPOINT WARNING * * *
The ogre shouts!
Your surroundings suddenly seem different.
Found 32 gold pieces.
Unknown command.
The cyclops throws a large rock.
The large rock hits you!!!
Ouch! That really hurt!
You die...
Kikubaaqudgha rasps: "You have failed me!
Welcome... death!"

### ##.## ### ##.#.# #...##
##.## #..... ##..#$##
##...# #....# #......#
#...## #.o.. .....#..#.##
##.#.#####... ...
##.....####...$.##..... .
#.....#.#...O...#.....(
........#@..........#.....
.........#.........#....$.
##......##<...o...#o......
#......#.................
#...............o.......$.
##.......#................
###.........<..C$........ .
##..............TO....$..
#.
###..........OO.oO.O.......


You could see a cyclops, an orc warrior (wandering), an ogre (wandering) and an
orc priest (wandering).

Vanquished Creatures
  Frances (D:12)
  An ettin (D:12)
  Harold (D:9)
  2 hydras
  2 two-headed ogres
  3 boulder beetles (D:12)
  3 centaur warriors
  A deep troll earth mage (D:12)
  An unseen horror (D:12)
  2 orc knights
  An orc sorcerer (Orc:1)
  2 manticores (D:12)
  A deep elf mage (D:11)
  A cyclops (D:11)
  A black mamba (Lair:1)
  2 cane toads (Lair:1)
  A kobold demonologist (D:13)
  2 komodo dragons
  An efreet (D:13)
  A meliai (D:12)
  A polar bear (Lair:1)
  A hornet (D:9)
  4 trolls
  4 blink frogs
  A shadow (D:12)
  Sigmund (D:2)
  6 yaks
  3 wyverns
  5 wraiths
  A fire bat (D:11)
  A steam dragon (D:11)
  A basilisk (Lair:1)
  2 vampire mosquitoes (D:11)
  4 water moccasins
  2 soldier ants (D:12)
  4 black bears
  An ice beast (D:13)
  3 sky beasts
  Duvessa (D:5)
  9 ogres
  4 orc warriors
  4 phantoms
  11 centaurs
  2 big kobolds
  17 bullfrogs
  A gnoll sergeant (D:5)
  Dowan (D:5)
  7 scorpions
  A water moccasin skeleton (D:8)
  13 killer bees
  A troll zombie (D:11)
  3 howler monkeys
  14 wights
  An electric eel (D:6)
  3 bullfrog zombies
  3 quasits
  2 hounds
  12 orc priests
  A centaur skeleton (D:7)
  11 orc wizards
  A gnoll shaman (D:5)
  A bullfrog skeleton (D:7)
  Terence (D:2)
  An iguana (D:12)
  10 worker ants
  A big kobold zombie (Ossuary)
  7 ogre zombies (D:11)
  A hound skeleton (D:8)
  A hound zombie (Ossuary)
  A mummy (Ossuary)
  6 gnolls
  14 adders
  2 shadow imps
  4 white imps
  2 ufetubi
  3 oozes
  4 adder skeletons
  3 worms
  7 leopard geckos
  47 orcs
  A ball python (D:3)
  7 giant cockroaches
  7 goblins
  5 hobgoblins
  3 jackals (D:2)
  11 kobolds
  6 quokkas
  5 bats
  2 frilled lizards
  2 goblin skeletons (D:11)
  5 goblin zombies (D:11)
  A hobgoblin skeleton (D:11)
  A hobgoblin zombie (D:11)
  An orc skeleton (D:11)
  15 orc zombies (D:11)
  A quokka skeleton (D:5)
  9 rats
396 creatures vanquished.

Vanquished Creatures (collateral kills)
  A killer bee (D:11)
1 creature vanquished.

Vanquished Creatures (others)
  An orc (D:6)
  56 fungi
  47 plants
104 creatures vanquished.

Grand Total: 501 creatures vanquished

Notes
Turn   | Place    | Note
-------+----------+-------------------------------------------
     0 | D:1      | Groucho the Spriggan Enchanter began the quest for the Orb.
     0 | D:1      | Reached XP level 1. HP: 9/9 MP: 5/5
   111 | D:1      | Reached skill level 5 in Stealth
   890 | D:1      | Reached XP level 2. HP: 13/13 MP: 6/6
   904 | D:1      | Learned a level 2 spell: Ensorcelled Hibernation
  1965 | D:1      | Reached skill level 6 in Stealth
  2139 | D:2      | Noticed Terence
  2172 | D:2      | Killed Terence
  2173 | D:2      | Reached XP level 3. HP: 16/16 MP: 2/8
  2363 | D:2      | Noticed Sigmund
  2862 | D:2      | Killed Sigmund
  2863 | D:2      | Reached skill level 8 in Stealth
  2863 | D:2      | Reached skill level 5 in Hexes
  2863 | D:2      | Reached XP level 4. HP: 21/21 MP: 6/9
  2863 | D:2      | Reached XP level 5. HP: 24/24 MP: 6/10
  3779 | D:2      | Reached skill level 9 in Stealth
  5148 | D:3      | Reached XP level 6. HP: 22/28 MP: 6/11
  5950 | D:4      | Found Kech's Weapon Shoppe.
  6523 | D:4      | Found a basalt altar of Yredelemnul.
  6525 | D:4      | Found a shimmering altar of Xom.
  6525 | D:4      | Found a burning altar of Makhleb.
  6527 | D:4      | Found a glowing golden altar of the Shining One.
  6528 | D:4      | Found a bloodstained altar of Trog.
  6595 | D:4      | Reached skill level 10 in Stealth
  7739 | D:4      | Found a staircase to the Ecumenical Temple.
  7749 | Temple   | Entered the Ecumenical Temple
  7801 | Temple   | Became a worshipper of Kikubaaqudgha
  7815 | D:4      | Found a shadowy altar of Dithmenos.
  7817 | D:4      | Found a broken altar of Ashenzari.
  8188 | D:4      | Learned a level 3 spell: Confusing Touch
  8208 | D:4      | Reached XP level 7. HP: 32/32 MP: 9/12
  8626 | D:5      | Entered Level 5 of the Dungeon
  8651 | D:5      | Noticed Dowan
  8653 | D:5      | Noticed Duvessa
  8722 | D:5      | Killed Duvessa
  8724 | D:5      | Killed Dowan
  8910 | D:5      | Found a sand-covered staircase.
  8915 | Ossuary  | Entered an ossuary
 10179 | D:5      | Reached XP level 8. HP: 36/36 MP: 12/15
 10740 | D:6      | Reached skill level 5 in Dodging
 10740 | D:6      | Reached skill level 11 in Stealth
 11474 | D:6      | Found Fownigh's Weapon Shop.
 11508 | D:6      | Found Okowkot's Jewellery Shop.
 11532 | D:6      | Identified the +5 hunting sling "Beetleslayer" {freeze,
                  | rF+}
 12147 | D:6      | Reached skill level 5 in Spellcasting
 12245 | D:6      | Found Buakir's Jewellery Shoppe.
 12363 | D:6      | Got a vibrating brass ring
 12846 | D:6      | Reached * piety under Kikubaaqudgha
 12846 | D:6      | Identified Kikubaaqudgha's Grimoire of Dark Arts
                  | (Kikubaaqudgha gifted it to you on level 6 of the Dungeon)
 12846 | D:6      | Received a gift from Kikubaaqudgha
 13812 | D:6      | Reached XP level 9. HP: 39/39 MP: 13/18
 13887 | D:6      | Found Iwovyc's Distillery.
 13918 | D:6      | Found Gaz Fups's Assorted Antiques.
 14729 | D:6      | Reached skill level 12 in Stealth
 15849 | D:7      | Reached skill level 5 in Short Blades
 16318 | D:7      | Got a warped copper amulet
 18731 | D:8      | Reached ** piety under Kikubaaqudgha
 19406 | D:8      | Reached XP level 10. HP: 29/44 MP: 5/21
 20060 | D:8      | Reached skill level 13 in Stealth
 20752 | D:8      | Identified the +6 dagger of Cobwebs {vorpal, *Corrode rF+
                  | rC++ Dex+2}
 21106 | D:8      | Found an ornate altar of the Wu Jian Council.
 21157 | D:9      | Noticed Harold
 22661 | D:9      | Found a stormy altar of Qazlal.
 23209 | D:9      | Found a stormy altar of Qazlal.
 23770 | D:9      | Noticed a two-headed ogre
 23780 | D:8      | Reached *** piety under Kikubaaqudgha
 23780 | D:8      | Identified Kikubaaqudgha's Papyrus of Darkness
                  | (Kikubaaqudgha gifted it to you on level 8 of the Dungeon)
 23780 | D:8      | Received a gift from Kikubaaqudgha
 24112 | D:9      | Killed Harold
 24113 | D:9      | Reached skill level 10 in Dodging
 24336 | D:9      | Killed a two-headed ogre
 24337 | D:9      | Reached skill level 14 in Stealth
 24337 | D:9      | Reached skill level 10 in Hexes
 24728 | D:9      | Noticed Pikel
 24760 | D:9      | Noticed Joseph
 24769 | D:10     | Entered Level 10 of the Dungeon
 25442 | D:10     | Reached XP level 11. HP: 47/47 MP: 24/24
 25500 | D:10     | Found a staircase to the Lair.
 25729 | Lair:1   | Entered Level 1 of the Lair of Beasts
 26085 | D:10     | Noticed a phantasmal warrior
 26086 | D:10     | Found a sparkling altar of Nemelex Xobeh.
 26086 | D:10     | Found a transporter.
 26086 | D:10     | Noticed a skeletal warrior
 26347 | D:10     | Identified the ring of Qallirok {rN+ Str+4} (You found it
                  | on level 6 of the Dungeon)
 26349 | D:10     | Identified the amulet of the Open Hand {Reflect Str+4 Int+3
                  | SH+5 Stlth+} (You found it on level 7 of the Dungeon)
 26582 | D:11     | Noticed a deep elf mage
 26587 | D:11     | Killed a deep elf mage
 27364 | D:11     | Found a staircase to the Orcish Mines.
 27646 | D:11     | Reached **** piety under Kikubaaqudgha
 29567 | D:11     | Found a portal to a secret trove of treasure.
 30551 | Lair:1   | Noticed a seven-headed hydra
 30554 | Lair:1   | Reached skill level 15 in Stealth
 30594 | Lair:1   | Killed a seven-headed hydra
 30595 | Lair:1   | Reached skill level 10 in Spellcasting
 31888 | Lair:1   | Noticed Gastronok
 33111 | D:12     | Noticed an unseen horror
 33120 | D:12     | Killed an unseen horror
 33121 | D:12     | Reached XP level 12. HP: 51/51 MP: 24/27
 33203 | D:12     | Noticed a boulder beetle
 33210 | D:12     | Killed a boulder beetle
 34174 | D:12     | Noticed an eight-headed hydra
 34211 | D:13     | Learned a level 3 spell: Tukima's Dance
 34215 | D:13     | Learned a level 3 spell: Dazzling Flash
 34219 | D:13     | Learned a level 3 spell: Mephitic Cloud
 34224 | D:13     | Learned a level 4 spell: Dispel Undead
 34421 | D:12     | Killed an eight-headed hydra
 35014 | D:12     | Noticed Frances
 35034 | D:12     | Killed Frances
 36007 | D:12     | Noticed a centaur warrior
 36009 | D:12     | Killed a centaur warrior
 36021 | D:12     | Noticed an ettin
 36023 | D:12     | Reached skill level 16 in Stealth
 36024 | D:12     | Killed an ettin
 36030 | D:12     | Reached skill level 10 in Short Blades
 36258 | D:12     | Noticed a boulder beetle
 36267 | D:12     | Noticed a centaur warrior
 36271 | D:12     | Killed a boulder beetle
 36273 | D:12     | Killed a centaur warrior
 36755 | D:12     | Noticed a boulder beetle
 36761 | D:12     | Killed a boulder beetle
 36917 | D:12     | Noticed a two-headed ogre
 36924 | D:12     | Killed a two-headed ogre
 37032 | D:12     | Noticed a deep troll earth mage
 37034 | D:12     | Killed a deep troll earth mage
 37779 | D:13     | Reached XP level 13. HP: 55/55 MP: 29/29
 38178 | D:13     | Reached skill level 1 in Necromancy
 38257 | Orc:1    | Entered Level 1 of the Orcish Mines
 38257 | Orc:1    | Found Vophink's Antique Weapon Shop.
 38789 | Orc:1    | Found Ihuchiac's General Store.
 38811 | Orc:1    | Bought 16 poisoned darts for 108 gold pieces
 38907 | Orc:2    | Entered Level 2 of the Orcish Mines
 38907 | Orc:2    | Found Sulyacvemui's Assorted Antiques.
 38907 | Orc:2    | Noticed an ettin
 39167 | Orc:1    | You fall into a shaft and drop 1 floor!
 39208 | Orc:2    | Found Meut's Antique Armour Shop.
 39208 | Orc:2    | Found Pomuin's Armour Boutique.
 39218 | Orc:2    | Found Guosuy's Armour Shoppe.
 39244 | Orc:2    | Found a staircase to the Elven Halls.
 39280 | Orc:2    | Hit by a large rock thrown by a cyclops

Illustrated notes

Levels and vault maps discovered:
D:1:      dpeg_arrival_lava_altar, layout_rooms
D:2:      layout_loops_ring, glass_columns_a, uniq_sigmund, uniq_terence
D:3:      layout_loops_ring
D:4:      layout_cave_pods, minitemple, nicolae_overflow_hidden_temple,
          minmay_temple_entry_statues_pillars, serial_shops, shop,
          minmay_pentomino_pile
D:5:      layout_loops_cross, enter_ossuary_5, uniq_duvessa
D:6:      layout_cave_pools, serial_shops, nicolae_shop_statue_plus, shop, shop,
          shop, shop, minivault_4, serial_bayou_pond_b
D:7:      layout_gridville, enter_bailey_8
D:8:      layout_layer_cave, marbit_many_paths, kennysheep_generic_room_9
D:9:      layout_cave_pools, lemuel_crystal_altar, basic_altar, minivault_5,
          uniq_harold, uniq_pikel, uniq_joseph
D:10:     layout_roguey, due_lair_maze_entry_diamond, minmay_variable_closet,
          grunt_nemelex_the_gamble
D:11:     layout_grid_maze, zombieorc2_lemuel, nicolae_trove_entry_diagonal,
          hangedman_incinerator
D:12:     hangedman_cross_veins, layout_irregular_city, uniq_frances
D:13:     layout_stronghold, hangedman_vaults_entry_quadrant_bands,
          gauntlet_entry_generic
Temple:   cyrus_circular_temple
Lair:1:   layout_cave_shapes, special_room [special_room_bee], st_stairs_5,
          lemuel_fruit_tree, uniq_gastronok
Orc:1:    layout_caves, serial_shops, shop, shop, nicolae_shop_window_shopping,
          lemuel_statue_altar
Orc:2:    st_orc_open, layout_caves

Skill      XL: |  1  2  3  4  5  6  7  8  9 10 11 12 13 |
---------------+----------------------------------------+-----
Stealth        | 5 6 8 9 10 11 12 14 15 16 | 16.8
Hexes          | 5 6 7 8 10 11 12 | 12.5
Spellcasting   | 3 4 5 7 8 10 11 | 11.7
Short Blades   | 3 4 6 7 9 10 | 10.4
Dodging        | 4 6 8 10 12 13 | 13.6
Necromancy     | 1 |  1.3

Action                   |  1- 3 |  4- 6 |  7- 9 | 10-12 | 13-15 || total
-------------------------+-------+-------+-------+-------+-------++-------
Melee: Dagger            |    58 |   107 |   343 |   437 |    36 ||   981
Throw: Dart              |    27 |    25 |    11 |    38 |     1 ||   102
       Boomerang         |       |       |       |    16 |       ||    16
 Cast: Ensorcelled Hiber |     9 |    29 |   101 |   153 |     7 ||   299
       Confusing Touch   |       |     1 |    36 |    61 |     4 ||   102
       Dazzling Flash    |       |       |       |     5 |       ||     5
Evoke: Wand              |       |       |       |     3 |     1 ||     4
  Use: Scroll            |     2 |     2 |     3 |    11 |     7 ||    25
       Potion            |       |     2 |     2 |     1 |       ||     5
 Stab: Sleeping          |     8 |    33 |    69 |   118 |    13 ||   241
       Confused          |       |     1 |    30 |    40 |     3 ||    74
       Distracted        |       |     1 |     1 |     1 |       ||     3
       Paralysed         |       |       |       |     1 |       ||     1
Armor: Robe              |     5 |     3 |    19 |    14 |       ||    41
       Skin              |       |     1 |       |       |       ||     1
Dodge: Dodged            |    41 |    70 |   265 |   309 |    29 ||   714
Block: Other             |       |     6 |    50 |    59 |     4 ||   119
       Reflection        |       |     2 |     1 |     1 |       ||     4
